 Dungeon Crawl Stone Soup version 0.27-a0-169-gd3d0dda1a4 (webtiles) character file.

Game seed: 5114479128677731834

88 Graywind the Digger (level 4, -7/33 HPs)
             Began as a Demigod Earth Elementalist on Jan 28, 2021.
             Killed themself with a badly aimed iceblast (10 damage)
             ... on level 3 of the Dungeon.
             The game lasted 00:09:58 (1236 turns).

Graywind the Digger (Demigod Earth Elementalist)    Turns: 1236, Time: 00:09:59

Health: -7/33      AC:  4    Str: 11    XL:     4   Next: 8%
Magic:  0/10       EV: 13    Int: 21    God:
Gold:   39         SH:  0    Dex: 16    Spells: 2/8 levels left

rFire    . . .     SeeInvis +   f - +0 short sword
rCold    . . .     Faith    .   (no shield)
rNeg     . . .     Spirit   .   c - +2 robe
rPois    .         Reflect  .   (no helmet)
rElec    .         Harm     .   (no cloak)
rCorr    .         Rampage  .   (no gloves)
Will     .....                  (no boots)
Stlth    ++........             (no amulet)
HPRegen  0.11/turn              d - ring of see invisible
MPRegen  0.12/turn              (no ring)

@: lethally poisoned (-7 -> -14)
A: high mp 1
a: no special abilities


You were on level 3 of the Dungeon.
You visited 1 branch of the dungeon, and saw 4 of its levels.

You collected 39 gold pieces.

Inventory:

Hand Weapons
 f - a +0 short sword (weapon)
Missiles
 b - 43 stones
 g - 20 arrows
Armour
 c - a +2 robe (worn)
Jewellery
 d - a ring of see invisible (left hand)
Wands
 e - a wand of iceblast (7) (quivered)
Scrolls
 a - 3 scrolls of identify


   Skills:
 + Level 0.1 Short Blades
 + Level 2.3 Dodging
 + Level 2.0 Stealth
 + Level 2.6 Spellcasting
 + Level 0.8 Transmutations
 + Level 3.6 Earth Magic


You had 2 spell levels left.
You knew the following spells:

 Your Spells              Type           Power        Failure   Level
a - Sandblast             Erth           34%          3%          1
b - Passwall              Tmut/Erth      10%          9%          2
c - Stone Arrow           Conj/Erth      20%          21%         3

Your spell library contained the following spells:

 Spells                   Type           Power        Failure   Level
 Petrify                  Tmut/Erth      12%          50%         4
 Lee's Rapid Deconstruct  Erth           8%           65%         5


Dungeon Overview and Level Annotations

Branches:
Dungeon (4/15)
 Temple: D:4-7

Annotations:
D:3 Grinder, Terence


Innate Abilities, Weirdness & Mutations

You have an increased reservoir of magic. (+10% MP)


Message History

Okay, then.
Casting: Passwall (safe; 9% risk of failure)
Confirm with . or Enter, or press ? or * to list all spells.
Okay, then.
Evoke which item? (* to show all) (? for menu, Esc to quit)
Aiming: Iceblast
Press: ? - help, Shift-Dir - straight line That beam is likely to hit you.
Continue anyway?
The mass of ice explodes!
The iceblast engulfs the adder!
You kill the adder!
The iceblast engulfs the goblin!!
You kill the goblin!
The iceblast engulfs the hobgoblin!
You kill the hobgoblin!
The iceblast engulfs Terence!
Terence is heavily wounded.
The iceblast engulfs the adder!
You kill the adder!
The iceblast engulfs you!
You die...

..####..# #.........
...#....###.........
.$⌠...r.............
####...###..........
#..r.##.............
#..o...g############
#####.#@#####
.....w)†## .#####).@#
##### ##8###8## #..
##8...8...8### #.<
####.........##..
..###.#_.........>#
..###
#..##.##....[....####
... ## #..#..# #.#
#.####. ##..#.## #.#
#......


You could see Terence, a dart slug, an orc and a rat.

Vanquished Creatures
  A bullfrog skeleton (D:4)
  5 adders
  A shadow imp (D:3)
  A dart slug (D:3)
  A leopard gecko (D:3)
  3 bats
  3 giant cockroaches
  A goblin (D:3)
  6 hobgoblins
  A quokka (D:3)
  2 frilled lizards
  A kobold (D:1)
  2 rats (D:1)
28 creatures vanquished.

Notes
Turn   | Place    | Note
-------+----------+-------------------------------------------
     0 | D:1      | Graywind the Demigod Earth Elementalist began the quest for
                  | the Orb.
     0 | D:1      | Reached XP level 1. HP: 14/14 MP: 5/5
   459 | D:1      | Reached skill level 3 in Earth Magic
   459 | D:1      | Reached XP level 2. HP: 20/20 MP: 5/7
   464 | D:1      | Learned a level 2 spell: Passwall
   838 | D:3      | Found a glowing golden altar of the Shining One.
   955 | D:4      | Reached XP level 3. HP: 10/26 MP: 3/9
   959 | D:4      | Learned a level 3 spell: Stone Arrow
  1154 | D:3      | Found a stormy altar of Qazlal.
  1222 | D:3      | Noticed Grinder
  1222 | D:3      | Noticed Terence
  1233 | D:3      | Reached XP level 4. HP: 6/33 MP: 1/10
  1236 | D:3      | Killed themself with a badly aimed iceblast

Illustrated notes

Levels and vault maps discovered:
D:1:      dpeg_arrival_oval, layout_loops_cross, kennysheep_decorative_pillar
D:2:      layout_basic, fiery_altar_vehumet, uniq_robin
D:3:      layout_rooms, nicolae_qazlal_general_emergency,
          nicolae_overflow_hidden_temple, zin_academy, evilmike_ruin_ashenzari,
          uniq_grinder, uniq_terence
D:4:      layout_rooms, old_standard_altar, lemuel_coloured_pillars_altar

Skill      XL: |  1  2 |
---------------+-------+-----
Spellcasting   | 2 |  2.6
Earth Magic    | 3 |  3.6
Stealth        | 2 |  2.0
Dodging        | 2 |  2.3
Short Blades   | |  0.1
Transmutations | |  0.8

Action                   |  1- 3 |  4- 6 || total
-------------------------+-------+-------++-------
Melee: Dagger            |    32 |       ||    32
       Unarmed           |     2 |       ||     2
       Short sword       |    21 |     2 ||    23
 Cast: Sandblast         |    34 |       ||    34
       Stone Arrow       |     1 |       ||     1
       Passwall          |       |     1 ||     1
  Use: Scroll            |     6 |       ||     6
       Potion            |     1 |       ||     1
Armor: Robe              |    12 |     1 ||    13
Dodge: Dodged            |    68 |     6 ||    74

Table legend: (Time is in decaauts)
 A = Elapsed time spent in this place.
 B = Non-inter-level travel time spent in this place.
 C = Inter-level travel time spent in this place.
 D = Time resting spent in this place.
 E = Time spent auto-exploring this place.
 F = Levels seen in this place.
 G = Mean time per level.
                   A        B        C        D        E       F      G
               +--------+--------+--------+--------+--------+-----+--------+
         Total |   1246 |   1246 |      0 |    513 |      0 |   4 |  311.5 |
       Dungeon |   1246 |   1246 |      0 |    513 |      0 |   4 |  311.5 |
               +--------+--------+--------+--------+--------+-----+--------+

Top non-repeatable levels by time:
     D:1: 584 daAuts
     D:3: 363 daAuts
     D:2: 255 daAuts
     D:4: 43 daAuts
